Map: 大气2000-天梯版

Players

电脑难度(新手) - Winner!

  • Race: Protoss Protoss

xiaoxin

  • Race: Terran Terran
  • League: Master

VOD

Have the link to the VOD?

Description

Time

  • Played on: May 16, 2022, 10:06 a.m.
  • Length: 8:35
Show
View Real Time Build Order
Export as new Build Order

电脑难度(新手) Protoss - Winner!

Build Orders:  

Get SALT Encoding   

  12  0:00  Probe  
  13  0:13  Probe  
  14  0:19  Pylon  
  14  0:37  Assimilator  
  14  0:43  Gateway  
  14  0:46  Pylon  
  14  1:14  Assimilator  
  14  1:22  Probe  
  14  1:30  Probe  
  15  1:33  Zealot, Cybernetics Core  
  15  1:38  Probe  
  19  1:48  Probe  
  20  1:59  Probe, Warp Gate  
  21  2:07  Probe  
  22  2:42  Stalker  
  24  7:02  Probe  
  24  7:07  Adept  
  27  7:10  Pylon, Probe  
  27  7:12  Robotics Facility  
  23  7:20  Probe  
  23  7:22  Nexus  
  24  7:29  Probe  
  23  7:37  Probe  
  22  7:45  Probe  
  23  7:53  Probe  
  23  8:02  Observer  
  23  8:03  Probe  
  24  8:06  Zealot  
  25  8:15  Probe  
Show
View Real Time Build Order
Export as new Build Order

xiaoxin Terran 

Build Orders:  

Get SALT Encoding   

  12  0:00  SCV  
  13  0:12  SCV  
  14  0:17  Supply Depot  
  14  0:25  SCV  
  15  0:38  SCV  
  15  0:39  Barracks  
  16  0:43  Refinery  
  16  0:50  SCV  
  17  1:03  SCV  
  18  1:15  SCV  
  19  1:26  Marine  
  19  1:27  Orbital Command  
  20  1:36  Command Center  
  20  1:44  Barracks Reactor  
  20  1:47  Supply Depot  
  20  1:52  SCV  
  21  2:00  Barracks  
  21  2:04  SCV  
  22  2:12  Barracks  
  22  2:17  SCV  
  22  2:21  Marine  
  22  2:22  Marine  
  25  2:29  SCV  
  26  2:39  Marine  
  26  2:40  Marine  
  26  2:41  SCV  
  29  2:46  Barracks Tech Lab  
  29  2:48  Orbital Command  
  29  2:53  SCV  
  29  2:57  Marine x2  
  32  2:58  Supply Depot  
  32  2:59  Barracks Tech Lab  
  32  3:04  Marine  
  33  3:06  SCV  
  33  3:07  Stimpack  
  34  3:14  Marine  
  34  3:15  Marine  
  34  3:16  SCV  
  34  3:18  SCV, Combat Shield  
  38  3:23  Supply Depot  
  38  3:28  SCV  
  38  3:30  SCV  
  38  3:33  Marauder x2  
  44  3:35  Marine  
  44  3:36  Marine  
  44  3:40  SCV  
  47  3:42  SCV  
  47  3:45  Supply Depot  
  48  3:52  SCV  
  48  3:54  Marauder x2, Marine, SCV  
  48  3:55  Marine  
  56  4:03  Engineering Bay  
  56  4:04  SCV  
  56  4:07  SCV  
  56  4:08  Refinery  
  58  4:10  Supply Depot  
  58  4:12  Marine  
  58  4:13  Marine  
  58  4:15  Marine x2  
  62  4:19  SCV  
  62  4:20  SCV  
  64  4:29  Terran Infantry Weapons Level 1, Marine  
  64  4:30  Refinery, Marine  
  66  4:31  SCV  
  66  4:33  Marine x2  
  66  4:34  SCV  
  66  4:35  Supply Depot  
  70  4:43  SCV  
  71  4:46  SCV  
  71  4:47  Marine  
  71  4:48  Marine  
  71  4:49  Factory  
  71  4:51  Marine x2  
  71  4:52  Refinery  
  76  4:55  SCV  
  76  4:58  Supply Depot, SCV  
  78  5:01  Supply Depot, Concussive Shells  
  78  5:05  Marine  
  78  5:06  Marine  
  80  5:07  SCV  
  80  5:09  Marine x2  
  80  5:11  SCV  
  84  5:19  SCV  
  85  5:23  SCV, Marine  
  85  5:24  Supply Depot, Marine  
  85  5:27  Marine  
  89  5:31  Marine  
  89  5:32  SCV  
  89  5:35  SCV, Factory Reactor  
  92  5:36  Starport  
  92  5:42  Command Center  
  92  5:44  SCV  
  92  5:45  Marine  
  92  5:46  Supply Depot  
  92  5:47  SCV, Marine  
  96  5:51  Marauder  
  96  5:52  Marauder  
  96  5:56  SCV  
  101  5:59  SCV  
  101  6:03  Marine  
  103  6:05  Marine  
  103  6:10  SCV  
  105  6:12  Marine  
  105  6:16  Supply Depot  
  105  6:17  Barracks x2  
  108  6:18  Marauder  
  108  6:20  Medivac x2, Factory Reactor  
  108  6:22  SCV  
  108  6:24  SCV  
  114  6:25  Terran Infantry Armor Level 1  
  114  6:26  Marine x2  
  114  6:31  Marauder  
  118  6:37  SCV  
  118  6:39  Supply Depot  
  119  6:40  SCV  
  119  6:42  Marauder  
  119  6:45  Marine x2  
  124  6:52  SCV, Marine  
  124  6:53  Medivac x2, Supply Depot  
  130  6:56  SCV  
  131  7:02  Widow Mine x2  
  131  7:03  Marine  
  131  7:04  SCV  
  131  7:05  Barracks Reactor  
  131  7:06  Marine x2, Barracks Tech Lab  
  139  7:08  SCV  
  139  7:11  Ghost Academy  
  139  7:14  Marauder  
  139  7:15  Orbital Command  
  142  7:16  SCV  
  142  7:20  Supply Depot, Refinery  
  142  7:21  Refinery  
  142  7:22  SCV  
  144  7:24  Marauder  
  144  7:27  Marauder  
  144  7:28  Marine  
  144  7:29  Marine  
  150  7:31  SCV  
  150  7:34  Supply Depot  
  150  7:35  Marauder  
  150  7:36  Medivac x2  
  157  7:43  SCV x2  
  157  7:44  Engineering Bay, Armory  
  159  7:49  Marine x2  
  163  7:55  SCV  
  163  7:56  Supply Depot  
  168  7:59  Marine x2  
  168  8:01  SCV x2  
  172  8:16  Marine, Unknown  
  178  8:21  Unknown  
  178  8:25  Command Center  
  178  8:26  Unknown  
Tags
 
Add a new tag
Caveats
  • Supply blocks, unpowered buildings, or Contaminate may cause inaccurate times.
  • Supply counts are checked every 10 seconds.